 Dungeon Crawl Stone Soup version 0.28-b1-70-g80dc712255 (webtiles) character file.

Game seed: 18346378349358351094

65 crazypyro the Skirmisher (level 3, -4/29 HPs)
             Began as a Demonspawn Fighter on Feb 3, 2022.
             Was a Believer of Kikubaaqudgha.
             Slain by Sigmund (6 damage)
             ... on level 2 of the Dungeon.
             The game lasted 00:01:54 (1829 turns).

crazypyro the Skirmisher (Demonspawn Fighter)       Turns: 1829, Time: 00:01:54

Health: -4/29      AC:  6    Str: 18    XL:     3   Next: 92%
Magic:  3/3        EV: 15    Int:  9    God:    Kikubaaqudgha [**....]
Gold:   21         SH:  0    Dex: 12    Spells: 3/3 levels left

rFire   . . .      SeeInvis .   a - +0 long sword
rCold   . . .      Faith    .   c - +0 buckler
rNeg    . . .      Spirit   .   b - +0 scale mail
rPois   .          Reflect  .   (no helmet)
rElec   .          Harm     .   j - scarf {+Inv}
rCorr   .          Rampage  .   (no gloves)
Will    .....                   (no boots)
Stlth   ..........              (no amulet)
HPRegen 0.09/turn               g - +4 ring of evasion
MPRegen 0.16/turn               n - +4 ring of slaying

@: confused
A: repulsion field 1, magic regeneration
a: Renounce Religion, Evoke Invisibility, Receive Corpses


You were on level 2 of the Dungeon.
You worshipped Kikubaaqudgha.
Kikubaaqudgha was pleased with you.
You visited 1 branch of the dungeon, and saw 2 of its levels.

You collected 21 gold pieces.

Inventory:

Hand Weapons
 a - a +0 long sword (weapon)
Missiles
 i - 2 throwing nets (quivered)
Armour
 b - a +0 scale mail (worn)
 c - a +0 buckler (worn)
 j - a scarf of invisibility (worn)
Jewellery
 g - a +4 ring of evasion (left hand)
 k - a ring of protection from fire
 n - a +4 ring of slaying (right hand)
Scrolls
 e - a scroll of magic mapping {unknown}
 f - a scroll of identify {unknown}
 h - a scroll of blinking {unknown}
Potions
 d - a potion of might
 l - a potion of flight {unknown}
 m - a potion of cancellation {unknown}


   Skills:
 - Level 3.2 Fighting
 * Level 2.9 Long Blades
 - Level 3.0 Armour
 - Level 3.0 Shields
 + Level 0.5 Spellcasting
 + Level 0.9 Necromancy


You had 3 spell levels left.
You didn't know any spells.
Your spell library contained the following spells:

 Spells                   Type           Power      Damage    Failure   Level
 Animate Skeleton         Necr           2%         N/A       73%         1
 Sublimation of Blood     Necr           1%         N/A       86%         2
 Corpse Rot               Necr/Air       2%         N/A       89%         2
 Agony                    Necr           1%         N/A       100%        5


Dungeon Overview and Level Annotations

Branches:
Dungeon (2/15)

Altars:
Kikubaaqudgha

Annotations:
D:2 Sigmund


Innate Abilities, Weirdness & Mutations

You are surrounded by a mild repulsion field. (EV +2)
You regenerate magic rapidly.


Message History

You kill the hobgoblin!
Kikubaaqudgha accepts your kill.
No target in view!
m - a fuming amethyst potion You see here a hobgoblin corpse.
n - a +4 ring of slaying
n - a +4 ring of slaying (right hand)
There is a stone staircase leading down here.
There is a stone staircase leading up here.
Sigmund the Dreaded comes into view.
He is wielding a +1 scythe of protection.
Found 15 gold pieces.
Sigmund shouts!
Sigmund mumbles some strange words.
Sigmund flickers and vanishes!
Deactivating autopickup; reactivate with Ctrl-A.
There is a strange disturbance nearby!
No target in view!
No target in view!
No target in view!
A rat comes into view.
You block something's attack.
You closely miss something.
You hear some strange, mumbled words.
A magic dart appears from out of thin air!
The magic dart hits you. Something hits you!
You hit something. You hit something.
You hear some strange, mumbled words.
You are confused.
You hear some strange, mumbled words.
A puff of flame appears from out of thin air!
The puff of flame hits you.
You slash something! The rat bites you. Something hits you!
You miss something. The rat bites you but does no damage. Something hits you!
* * * LOW HITPOINT WARNING * * *
The rat barely misses you.
You're too confused to move!
The rat misses you.
You barely miss something. Something hits you.
You die...
Kikubaaqudgha rasps: "You have failed me!
Welcome... death!"

.....###...#.....#
.......#.#....#...
#...........#
##............
#....######.. #
#.#.### .
...##.....##
...........##
.......@r...#
......:{...$...
...^.........##
............##
............#
............#
...........##
...##.....##


You could see a rat.

Vanquished Creatures
  2 adders (D:2)
  A dart slug (D:1)
  3 ball pythons
  6 bats
  3 endoplasms
  2 giant cockroaches (D:1)
  5 hobgoblins
  2 jackals (D:2)
  3 quokkas (D:1)
  3 frilled lizards
  7 goblins
  A kobold (D:2)
  3 rats
41 creatures vanquished.

Notes
Turn   | Place    | Note
-------+----------+-------------------------------------------
     0 | D:1      | crazypyro the Demonspawn Fighter began the quest for the
                  | Orb.
     0 | D:1      | Reached XP level 1. HP: 18/18 MP: 1/1
   327 | D:1      | Found a faded altar of an unknown god.
   329 | D:1      | Prayed at the altar of an unknown god.
   329 | D:1      | Became a worshipper of Kikubaaqudgha
   329 | D:1      | Reached * piety under Kikubaaqudgha
   329 | D:1      | Received a gift from Kikubaaqudgha
   589 | D:1      | Gained mutation: You are surrounded by a mild repulsion
                  | field. (EV +2) [demonic ancestry]
   589 | D:1      | Reached XP level 2. HP: 24/24 MP: 2/2
  1020 | D:1      | Gained mutation: You regenerate magic rapidly. [demonic
                  | ancestry]
  1020 | D:1      | Reached XP level 3. HP: 26/29 MP: 3/3
  1052 | D:1      | Reached ** piety under Kikubaaqudgha
  1818 | D:2      | Noticed Sigmund
  1827 | D:2      | HP: 1/29 [something (9)]
  1829 | D:2      | Slain by Sigmund

Illustrated notes

Levels and vault maps discovered:
D:1:      heliophobic_arrival_ceremonial_halls, layout_rooms,
          chequers_ecumenical_altar_twisty
D:2:      layout_rooms, uniq_sigmund

Skill      XL: |  1  2  3 |
---------------+----------+-----
Long Blades    | 2 |  2.9
Armour         | 3 |  3.0
Shields        | 3 |  3.0
Fighting       | |  3.2
Spellcasting   | |  0.5
Necromancy     | |  0.9

Action                   || total
-------------------------++-------
Melee: Long sword        ||   135
Armor: Scale mail        ||    81
Dodge: Dodged            ||   135
Block: Buckler           ||    41
